Selects Luftwaffe Battlegroup
Selects Luftwaffe Pioneer Support
Fallschirmpioneer Squad Paradrop
Construct Infanterie Kompanie
Fallschirmpioneer Squad Paradrop
Construct Luftwaffe Kompanie
Selects Stuka Strafing Run
Selects Fallschirmjäger Squad Paradrop
Fallschirmjäger Squad Paradrop
Luftwaffe Officer Quarters
Selects Flak 38 Anti-Air Emplacement
Fallschirmjäger Squad Paradrop
Selects Infantry Reserves
Construct Panzergrenadier Kompanie
Nebelwerfer 42 Rocket Launcher Team